Wolves vs Influenza (R1)

Created - 12 janvier 2013 at 01:38

Goals
1 2 3 OT1 T
Wolves 1 0 1 1 3
Influenza 0 2 0 0 2
Shots
1 2 3 OT1 T
Wolves 9 13 13 4 39
Influenza 8 10 8 1 27

1st period

1. Wolves , Geoff Sanderson 18 (Bruno Gervais, Mike Zigomanis) at 6:47

Penalties :
Ryan Carter (VJB) for Hooking (Minor) at 13:40

2nd period

2. Influenza , Cody McCormick 5 (Ryan Russell, Ryan Vesce) at 7:03
3. Influenza , Justin Abdelkader 15 (Rob Schremp) at 16:14 (PP)

Penalties :
Mike Zigomanis (Min) for Tripping (Minor) at 7:33, Bruno Gervais (Min) for Tripping (Minor) at 13:39, Rich Peverley (Min) for Interference (Minor) at 16:06, Dan Fritsche (Min) for Slashing (Minor) at 19:00

3rd period

4. Wolves , Chris Neil 11 (Matt Gilroy, Mike Zigomanis) at 4:31 (PP)

Penalties :
Ryan Russell (VJB) for Interference (Minor) at 3:51, Milan Bartovic (Min) for Tripping (Minor) at 7:09, Tim Gleason (VJB) for Charging (Minor) at 10:48, Dan Fritsche (Min) for High sticking (Minor) at 18:54, Robbie Earl (VJB) for Interference (Minor) at 19:50

Overtime #1

5. Wolves , Vyacheslav Kozlov 4 (Bruno Gervais, Rich Peverley) at 2:30

Penalties :
No Penalty

Goalie Stats

Julien Ellis (Min), 25 saves from 27 shots - (0,926), W, 10-6-1, 62:30 minutes
Brent Krahn (VJB), 36 saves from 39 shots - (0,923), OTL, 7-6-4, 62:30 minutes

Players Stats for Wolves

Player Name              G  A  P  +/- PIM S  H  SB GA TA FO     MP     PP MP  PK MP  
------------------------------------------------------------------------------------
Alexander Perezhogin     0  0  0  -1  0   1  1  2  1  2  2/3    18:08   2:17   0:00 
Bruno Gervais            0  2  2   1  2   3  0  3  0  1  0/0    29:07   2:27   3:38 
Chris Neil               1  0  1   1  0   6  1  0  1  0  0/0    19:15   2:00   5:45 
Cody McLeod              0  0  0   0  0   1  0  0  2  0  1/1    10:46   0:00   2:31 
Dan Fritsche             0  0  0   0  4   0  1  0  0  0  2/4    12:25   0:21   0:02 
Ethan Moreau             0  0  0   0  0   1  1  4  0  0  6/11   17:03   0:00   5:16 
Geoff Sanderson          1  0  1   1  0   4  1  1  2  0  0/0    13:41   2:00   0:11 
Jason King               0  0  0   0  0   2  0  0  0  0  0/0     7:33   0:21   0:00 
Jonas Junland            0  0  0   0  0   0  0  1  0  0  0/0    10:33   0:10   0:49 
Marc Methot              0  0  0   0  0   1  2  0  0  1  0/0    22:23   2:01   3:46 
Marc-André Gragnani      0  0  0   0  0   0  0  0  0  0  0/0    11:26   0:10   1:15 
Matt Gilroy              0  1  1   0  0   0  0  0  0  0  0/0    21:50   2:01   3:40 
Mike Zigomanis           0  2  2   1  2   4  0  1  1  1  6/11   16:28   2:00   2:25 
Milan Bartovic           0  0  0   0  2   3  1  0  1  0  0/0    13:45   0:00   1:50 
Petr Kalus               0  0  0   0  0   0  0  0  0  0  1/3     7:12   0:00   0:00 
Rich Peverley            0  1  1   0  2   6  0  2  0  0  14/29  19:32   2:17   0:00 
Vyacheslav Kozlov        1  0  1   0  0   6  4  1  1  0  1/1    19:54   2:38   0:00 
Willie Mitchell          0  0  0   1  0   1  3  1  0  2  0/0    30:01   2:27   4:52 

Players Stats for Influenza

Player Name              G  A  P  +/- PIM S  H  SB GA TA FO     MP     PP MP  PK MP  
------------------------------------------------------------------------------------
Alexander Sulzer         0  0  0   1  0   0  1  2  0  1  0/0    12:23   0:00   1:01 
Blake Comeau             0  0  0  -1  0   3  1  1  1  0  0/1    21:09   5:05   1:04 
Brian Salcido            0  0  0   1  0   0  2  0  0  1  0/0    12:01   0:00   0:29 
Charles Linglet          0  0  0   0  0   0  0  0  0  0  0/0     9:23   0:00   1:31 
Cody McCormick           1  0  1   1  0   2  2  0  1  1  3/3    13:49   0:00   1:28 
Colton Orr               0  0  0   0  0   1  2  0  0  0  0/0     8:23   0:00   0:35 
Jaime Sifers             0  0  0  -1  0   0  0  6  1  0  0/0    21:00   3:41   1:43 
Jamie McBain             0  0  0  -1  0   3  0  0  0  2  0/0    21:00   3:41   1:43 
Juraj Mikus              0  0  0   0  0   0  2  0  0  0  2/4     8:19   0:00   0:30 
Justin Abdelkader        1  0  1  -1  0   3  2  0  0  1  0/1    19:38   5:05   0:27 
Lasse Kukkonen           0  0  0  -1  0   2  1  3  0  2  0/0    29:29   5:19   3:22 
Martins Karsums          0  0  0   0  0   4  0  0  1  0  2/2    16:15   3:55   0:07 
Rob Schremp              0  1  1  -1  0   1  3  1  1  0  12/24  21:39   5:05   3:25 
Robbie Earl              0  0  0  -1  2   2  2  0  0  0  0/1    16:28   3:54   0:00 
Ryan Carter              0  0  0  -1  2   1  2  0  1  0  11/25  19:31   3:55   1:34 
Ryan Russell             0  1  1   1  2   0  1  0  0  0  0/0    12:20   0:00   0:00 
Ryan Vesce               0  1  1   1  0   3  1  1  0  0  0/2    13:05   0:00   0:07 
Tim Gleason              0  0  0  -1  2   2  1  4  1  1  0/0    28:28   5:19   2:21 

3 Stars

1 - Vyacheslav Kozlov (Min)
2 - Cody McCormick (VJB)
3 - Geoff Sanderson (Min)

Power Play

Wolves - 1 on 4 Attempt(s) - 25,00%
Influenza - 1 on 6 Attempt(s) - 16,67%

Penalty Kill

Wolves - 5 on 6 Attempt(s) - 83,33% - Score 0 goal in Penalty Kill
Influenza - 3 on 4 Attempt(s) - 75,00% - Score 0 goal in Penalty Kill

Official

Referees : Watson Brad and Jackson Dave
Linesman : Brad Lazarowich and Mark Wheler

Game Notes

No Game Note

Wolves

5 vs 5 Forward 
   Center                   Left Wing                Right Wing               Time % Phy DF OF 
 1 Rich Peverley            Vyacheslav Kozlov        Alexander Perezhogin     40     1   0  4  
 2 Mike Zigomanis           Geoff Sanderson          Chris Neil               30     0   1  4  
 3 Dan Fritsche             Ethan Moreau             Milan Bartovic           20     1   3  1  
 4 Petr Kalus               Cody McLeod              Jason King               10     2   2  1  

5 vs 5 Defense 
   Defense                  Defense                                           Time % Phy DF OF 
 1 Willie Mitchell          Bruno Gervais                                     40     1   3  1  
 2 Matt Gilroy              Marc Methot                                       30     2   2  1  
 3 Jonas Junland            Marc-André Gragnani                               20     1   3  1  
 4 Bruno Gervais            Willie Mitchell                                   10     1   3  1  

PowerPlay Forward 
   Center                   Left Wing                Right Wing               Time % Phy DF OF 
 1 Rich Peverley            Vyacheslav Kozlov        Alexander Perezhogin     60     0   0  5  
 2 Mike Zigomanis           Geoff Sanderson          Chris Neil               40     0   0  5  

PowerPlay Defense
   Defense                  Defense                                           Time % Phy DF OF 
 1 Willie Mitchell          Bruno Gervais                                     60     0   1  4  
 2 Matt Gilroy              Marc Methot                                       40     0   1  4  

Penalty Kill 4 Players Forward 
   Center                   Wing                     Time % Phy DF OF 
 1 Ethan Moreau             Chris Neil               60     1   3  1  
 2 Mike Zigomanis           Milan Bartovic           40     2   2  1  

Penalty Kill 4 Players Defense
   Defense                  Defense                  Time % Phy DF OF 
 1 Willie Mitchell          Bruno Gervais            60     2   3  0  
 2 Matt Gilroy              Marc Methot              40     2   3  0  

Penalty Kill - 3 Players Forward 
   Forward                                           Time % Phy DF OF 
 1 Ethan Moreau                                      60     2   3  0  
 2 Milan Bartovic                                    40     2   3  0  

Penalty Kill - 3 Players Defense
   Defense                  Defense                  Time % Phy DF OF 
 1 Marc Methot              Bruno Gervais            60     3   2  0  
 2 Jonas Junland            Marc-André Gragnani      40     3   2  0  

4 vs 4 Forward 
   Center                   Wing                     Time % Phy DF OF 
 1 Rich Peverley            Vyacheslav Kozlov        60     1   1  3  
 2 Geoff Sanderson          Alexander Perezhogin     40     1   1  3  

4 vs 4 Defense
   Defense                  Defense                  Time % Phy DF OF 
 1 Willie Mitchell          Bruno Gervais            60     2   2  1  
 2 Matt Gilroy              Marc Methot              40     2   2  1  

Last Minutes Offensive
   Center                   Left Wing                Right Wing               Defense                  Defense                  
   Rich Peverley            Vyacheslav Kozlov        Alexander Perezhogin     Willie Mitchell          Bruno Gervais            

Last Minutes Defensive
   Center                   Left Wing                Right Wing               Defense                  Defense                  
   Dan Fritsche             Milan Bartovic           Chris Neil               Willie Mitchell          Bruno Gervais            

Goaltenders
Starting : Julien Ellis             
Backup : Loïc Lacasse             

Extra Forwards
Normal : Rich Peverley, Vyacheslav Kozlov, Alexander Perezhogin - PP : Rich Peverley, Vyacheslav Kozlov - PK : Cody McLeod
Extra Defensemen
Normal : Willie Mitchell, Bruno Gervais, Marc Methot - PP : Willie Mitchell - PK : Marc Methot, Bruno Gervais
Penalty Shots
Chris Neil, Vyacheslav Kozlov, Geoff Sanderson, Ethan Moreau, Rich Peverley

Influenza

5 vs 5 Forward 
   Center                   Left Wing                Right Wing               Time % Phy DF OF 
 1 Ryan Carter              Justin Abdelkader        Blake Comeau             40     1   1  3  
 2 Rob Schremp              Robbie Earl              Martins Karsums          30     1   1  3  
 3 Cody McCormick           Ryan Russell             Ryan Vesce               20     1   2  2  
 4 Juraj Mikus              Charles Linglet          Colton Orr               10     1   2  2  

5 vs 5 Defense 
   Defense                  Defense                                           Time % Phy DF OF 
 1 Tim Gleason              Lasse Kukkonen                                    40     1   2  2  
 2 Jamie McBain             Jaime Sifers                                      30     1   2  2  
 3 Alexander Sulzer         Brian Salcido                                     20     1   2  2  
 4 Tim Gleason              Lasse Kukkonen                                    10     1   2  2  

PowerPlay Forward 
   Center                   Left Wing                Right Wing               Time % Phy DF OF 
 1 Rob Schremp              Justin Abdelkader        Blake Comeau             60     1   2  2  
 2 Ryan Carter              Robbie Earl              Martins Karsums          40     1   2  2  

PowerPlay Defense
   Defense                  Defense                                           Time % Phy DF OF 
 1 Tim Gleason              Lasse Kukkonen                                    60     1   2  2  
 2 Jamie McBain             Jaime Sifers                                      40     1   2  2  

Penalty Kill 4 Players Forward 
   Center                   Wing                     Time % Phy DF OF 
 1 Rob Schremp              Ryan Carter              60     1   2  2  
 2 Colton Orr               Blake Comeau             40     1   2  2  

Penalty Kill 4 Players Defense
   Defense                  Defense                  Time % Phy DF OF 
 1 Tim Gleason              Lasse Kukkonen           60     1   2  2  
 2 Jamie McBain             Jaime Sifers             40     1   2  2  

Penalty Kill - 3 Players Forward 
   Forward                                           Time % Phy DF OF 
 1 Rob Schremp                                       60     1   2  2  
 2 Ryan Carter                                       40     1   2  2  

Penalty Kill - 3 Players Defense
   Defense                  Defense                  Time % Phy DF OF 
 1 Tim Gleason              Lasse Kukkonen           60     1   2  2  
 2 Jamie McBain             Jaime Sifers             40     1   2  2  

4 vs 4 Forward 
   Center                   Wing                     Time % Phy DF OF 
 1 Rob Schremp              Blake Comeau             60     1   2  2  
 2 Ryan Carter              Justin Abdelkader        40     1   2  2  

4 vs 4 Defense
   Defense                  Defense                  Time % Phy DF OF 
 1 Tim Gleason              Lasse Kukkonen           60     1   2  2  
 2 Jamie McBain             Jaime Sifers             40     1   2  2  

Last Minutes Offensive
   Center                   Left Wing                Right Wing               Defense                  Defense                  
   Rob Schremp              Justin Abdelkader        Colton Orr               Tim Gleason              Lasse Kukkonen           

Last Minutes Defensive
   Center                   Left Wing                Right Wing               Defense                  Defense                  
   Rob Schremp              Justin Abdelkader        Colton Orr               Tim Gleason              Lasse Kukkonen           

Goaltenders
Starting : Brent Krahn              
Backup : Alex Stalock             

Extra Forwards
Normal : Martins Karsums, Ryan Vesce, Cody McCormick - PP : Martins Karsums, Ryan Vesce - PK : Cody McCormick
Extra Defensemen
Normal : Lasse Kukkonen, Alexander Sulzer, Jamie McBain - PP : Lasse Kukkonen - PK : Alexander Sulzer, Jamie McBain
Penalty Shots
Rob Schremp, Ryan Carter, Colton Orr, Blake Comeau, Justin Abdelkader

% Time on Ice - Wolves

Lines # - Real PCT - Wanted PCT - Time Play
Normal Forward
1 - 34% - 40% - 15:35
2 - 26% - 30% - 12:04
3 - 25% - 20% - 11:22
4 - 16% - 10% - 7:12
Normal Defense
1 - 42% - 40% - 19:25
2 - 34% - 30% - 15:32
3 - 20% - 20% - 9:01
4 - 5% - 10% - 2:15
PP Forward
1 - 57% - 60% - 2:38
2 - 43% - 40% - 2:00
PP Defense
1 - 56% - 60% - 2:37
2 - 44% - 40% - 2:01
PK Forward
1 - 70% - 60% - 6:19
2 - 30% - 40% - 2:41
PK Defense
1 - 56% - 60% - 5:04
2 - 44% - 40% - 3:56
PK3 Forward
1 - 0% - 60%
2 - 0% - 40%
PK3 Defense
1 - 0% - 60%
2 - 0% - 40%
44 Forward
1 - 100% - 60% - 2:39
2 - 0% - 40% - 0:00
44 Defense
1 - 77% - 60% - 2:02
2 - 23% - 40% - 0:37
Last Minute Offensive  - 0:00
Last Minute Defensive  - 0:00
Total
Forward - 62:30
Defense - 62:30

% Time on Ice - Influenza

Lines # - Real PCT - Wanted PCT - Time Play
Normal Forward
1 - 31% - 40% - 14:10
2 - 26% - 30% - 11:54
3 - 27% - 20% - 12:21
4 - 17% - 10% - 7:48
Normal Defense
1 - 38% - 40% - 17:42
2 - 33% - 30% - 15:23
3 - 25% - 20% - 11:22
4 - 4% - 10% - 1:46
PP Forward
1 - 56% - 60% - 5:05
2 - 44% - 40% - 3:55
PP Defense
1 - 59% - 60% - 5:19
2 - 41% - 40% - 3:41
PK Forward
1 - 87% - 60% - 4:03
2 - 13% - 40% - 0:35
PK Defense
1 - 67% - 60% - 3:06
2 - 33% - 40% - 1:32
PK3 Forward
1 - 100% - 60% - 0:56
2 - 0% - 40% - 0:00
PK3 Defense
1 - 80% - 60% - 0:45
2 - 20% - 40% - 0:11
44 Forward
1 - 100% - 60% - 1:43
2 - 0% - 40% - 0:00
44 Defense
1 - 87% - 60% - 1:30
2 - 13% - 40% - 0:13
Last Minute Offensive  - 0:00
Last Minute Defensive  - 0:00
Total
Forward - 62:30
Defense - 62:30

Play by Play

1st period


0:01 of 1st period - Alexander Perezhogin wins face-off versus Ryan Carter in neutral zone.
0:06 of 1st period - Icing by Lasse Kukkonen.
0:07 of 1st period - Ryan Carter wins face-off versus Rich Peverley in Influenza zone.
0:20 of 1st period - Wrist shot by Blake Comeau.
0:20 of 1st period - Stopped by Julien Ellis with a rebound.
0:22 of 1st period - Slapshot by Tim Gleason.
0:22 of 1st period - Shot Blocked by Bruno Gervais.
1:20 of 1st period - Wrist shot by Colton Orr.
1:20 of 1st period - Stopped by Julien Ellis with a rebound.
1:46 of 1st period - Snap shot by Ryan Carter.
1:46 of 1st period - Stopped by Julien Ellis without a rebound.
1:47 of 1st period - Martins Karsums wins face-off versus Mike Zigomanis in Wolves zone.
2:17 of 1st period - Slapshot by Martins Karsums.
2:17 of 1st period - Stopped by Julien Ellis without a rebound.
2:18 of 1st period - Dan Fritsche wins face-off versus Ryan Carter in Wolves zone.
2:40 of 1st period - Slapshot by Lasse Kukkonen.
2:40 of 1st period - Deflect By Willie Mitchell.
2:40 of 1st period - Stopped by Julien Ellis with a rebound.
3:14 of 1st period - Backhand shot by Jason King.
3:14 of 1st period - Stopped by Brent Krahn without a rebound.
3:15 of 1st period - Mike Zigomanis wins face-off versus Ryan Vesce in Influenza zone.
4:25 of 1st period - Snap shot by Alexander Perezhogin.
4:25 of 1st period - Shot Misses the Net.
4:41 of 1st period - Snap shot by Martins Karsums.
4:41 of 1st period - Shot Misses the Net.
4:47 of 1st period - Wrist shot by Rob Schremp.
4:47 of 1st period - Shot Blocked by Willie Mitchell.
4:49 of 1st period - Wrist shot by Martins Karsums.
4:49 of 1st period - Stopped by Julien Ellis without a rebound.
4:50 of 1st period - Mike Zigomanis wins face-off versus Ryan Carter in Wolves zone.
5:03 of 1st period - Wrist shot by Chris Neil.
5:03 of 1st period - Stopped by Brent Krahn with a rebound.
5:05 of 1st period - Wrist shot by Mike Zigomanis.
5:05 of 1st period - Shot Misses the Net.
5:49 of 1st period - Slapshot by Milan Bartovic.
5:49 of 1st period - Shot Blocked by Alexander Sulzer.
5:51 of 1st period - Snap shot by Ethan Moreau.
5:51 of 1st period - Shot Misses the Net.
5:53 of 1st period - Slapshot by Marc Methot.
5:53 of 1st period - Shot Misses the Net.
5:55 of 1st period - Slapshot by Jonas Junland.
5:55 of 1st period - Deflect By Dan Fritsche.
5:55 of 1st period - Shot Blocked by Alexander Sulzer.
5:55 of 1st period - Puck is out of play.
5:56 of 1st period - Mike Zigomanis wins face-off versus Ryan Carter in Influenza zone.
6:11 of 1st period - Snap shot by Geoff Sanderson.
6:11 of 1st period - Stopped by Brent Krahn without a rebound.
6:12 of 1st period - Cody McCormick wins face-off versus Petr Kalus in Influenza zone.
6:25 of 1st period - Snap shot by Cody McLeod.
6:25 of 1st period - Shot Blocked by Jaime Sifers.
6:41 of 1st period - Snap shot by Mike Zigomanis.
6:41 of 1st period - Shot Misses the Net.
6:43 of 1st period - Snap shot by Geoff Sanderson.
6:43 of 1st period - Shot Misses the Net.
6:45 of 1st period - Slapshot by Bruno Gervais.
6:45 of 1st period - Shot Blocked by Jaime Sifers.
6:47 of 1st period - Wrist shot by Geoff Sanderson.
6:47 of 1st period - Goal by Geoff Sanderson - Wolves : 1 - Influenza : 0.
6:48 of 1st period - Ryan Carter wins face-off versus Rich Peverley in neutral zone.
6:55 of 1st period - Wrist shot by Ryan Carter.
6:55 of 1st period - Shot Misses the Net.
7:22 of 1st period - Snap shot by Geoff Sanderson.
7:22 of 1st period - Shot Misses the Net.
7:24 of 1st period - Wrist shot by Mike Zigomanis.
7:24 of 1st period - Shot Blocked by Lasse Kukkonen.
7:26 of 1st period - Slapshot by Willie Mitchell.
7:26 of 1st period - Stopped by Brent Krahn with a rebound.
7:28 of 1st period - Slapshot by Willie Mitchell.
7:28 of 1st period - Shot Misses the Net.
7:38 of 1st period - Slapshot by Lasse Kukkonen.
7:38 of 1st period - Shot Misses the Net.
9:11 of 1st period - Snap shot by Ethan Moreau.
9:11 of 1st period - Shot Blocked by Rob Schremp.
9:44 of 1st period - Willie Mitchell is hit by Juraj Mikus and loses puck.
10:55 of 1st period - Ethan Moreau is hit by Cody McCormick.
11:47 of 1st period - Slapshot by Martins Karsums.
11:47 of 1st period - Shot Blocked by Ethan Moreau.
13:07 of 1st period - Slapshot by Martins Karsums.
13:07 of 1st period - Stopped by Julien Ellis with a rebound.
13:09 of 1st period - Slapshot by Robbie Earl.
13:09 of 1st period - Stopped by Julien Ellis with a rebound.
13:11 of 1st period - Snap shot by Rob Schremp.
13:11 of 1st period - Shot Misses the Net.
13:26 of 1st period - Tim Gleason is hit by Dan Fritsche and loses puck.
13:31 of 1st period - Slapshot by Milan Bartovic.
13:31 of 1st period - Stopped by Brent Krahn without a rebound.
13:32 of 1st period - Rich Peverley wins face-off versus Ryan Carter in Influenza zone.
13:37 of 1st period - Slapshot by Alexander Perezhogin.
13:37 of 1st period - Stopped by Brent Krahn without a rebound.
13:38 of 1st period - Rich Peverley wins face-off versus Ryan Carter in Influenza zone.
13:40 of 1st period - Minor Penalty to Ryan Carter for Hooking.
13:41 of 1st period - Rich Peverley wins face-off versus Rob Schremp in Influenza zone.
13:51 of 1st period - Tim Gleason is hit by Vyacheslav Kozlov and loses puck.
14:45 of 1st period - Jaime Sifers is hit by Marc Methot.
15:40 of 1st period - Penalty to Ryan Carter is over, Ryan Carter is back on ice.
15:48 of 1st period - Snap shot by Rob Schremp.
15:48 of 1st period - Shot Misses the Net.
15:50 of 1st period - Snap shot by Justin Abdelkader.
15:50 of 1st period - Shot Blocked by Ethan Moreau.
16:57 of 1st period - Slapshot by Bruno Gervais.
16:57 of 1st period - Shot Misses the Net.
16:59 of 1st period - Snap shot by Dan Fritsche.
16:59 of 1st period - Deflect By Ethan Moreau.
16:59 of 1st period - Stopped by Brent Krahn with a rebound.
17:13 of 1st period - Wrist shot by Martins Karsums.
17:13 of 1st period - Shot Misses the Net.
18:01 of 1st period - Wrist shot by Vyacheslav Kozlov.
18:01 of 1st period - Stopped by Brent Krahn without a rebound.
18:02 of 1st period - Rich Peverley wins face-off versus Ryan Carter in Influenza zone.
18:46 of 1st period - Petr Kalus is hit by Juraj Mikus and loses puck.
19:44 of 1st period - Slapshot by Jamie McBain.
19:44 of 1st period - Shot Blocked by Mike Zigomanis.
19:51 of 1st period - Wrist shot by Chris Neil.
19:51 of 1st period - Shot Blocked by Jaime Sifers.

2nd period


0:01 of 2nd period - Ryan Carter wins face-off versus Rich Peverley in neutral zone.
0:34 of 2nd period - Snap shot by Geoff Sanderson.
0:34 of 2nd period - Shot Blocked by Lasse Kukkonen.
0:48 of 2nd period - Wrist shot by Ryan Vesce.
0:48 of 2nd period - Shot Misses the Net.
1:05 of 2nd period - Off-side.
1:06 of 2nd period - Petr Kalus wins face-off versus Juraj Mikus in neutral zone.
1:35 of 2nd period - Backhand shot by Mike Zigomanis.
1:35 of 2nd period - Deflect By Geoff Sanderson.
1:35 of 2nd period - Stopped by Brent Krahn without a rebound.
1:36 of 2nd period - Ryan Carter wins face-off versus Mike Zigomanis in Influenza zone.
1:43 of 2nd period - Mike Zigomanis is hit by Blake Comeau and loses puck.
2:50 of 2nd period - Charles Linglet is hit by Marc Methot and loses puck.
3:33 of 2nd period - Off-side.
3:34 of 2nd period - Rob Schremp wins face-off versus Rich Peverley in neutral zone.
3:45 of 2nd period - Slapshot by Martins Karsums.
3:45 of 2nd period - Shot Misses the Net.
3:47 of 2nd period - Slapshot by Jamie McBain.
3:47 of 2nd period - Shot Blocked by Bruno Gervais.
3:49 of 2nd period - Backhand shot by Rob Schremp.
3:49 of 2nd period - Shot Misses the Net.
4:04 of 2nd period - Slapshot by Chris Neil.
4:04 of 2nd period - Stopped by Brent Krahn with a rebound.
4:10 of 2nd period - Slapshot by Geoff Sanderson.
4:10 of 2nd period - Stopped by Brent Krahn with a rebound.
4:20 of 2nd period - Jonas Junland is hit by Ryan Vesce and loses puck.
4:25 of 2nd period - Slapshot by Tim Gleason.
4:25 of 2nd period - Stopped by Julien Ellis with a rebound.
4:27 of 2nd period - Snap shot by Tim Gleason.
4:27 of 2nd period - Shot Misses the Net.
4:29 of 2nd period - Slapshot by Tim Gleason.
4:29 of 2nd period - Shot Blocked by Ethan Moreau.
4:31 of 2nd period - Snap shot by Ryan Vesce.
4:31 of 2nd period - Deflect By Cody McCormick.
4:31 of 2nd period - Shot Blocked by Jonas Junland.
4:31 of 2nd period - Puck is out of play.
4:32 of 2nd period - Rich Peverley wins face-off versus Robbie Earl in Wolves zone.
5:08 of 2nd period - Wrist shot by Mike Zigomanis.
5:08 of 2nd period - Shot Blocked by Blake Comeau.
5:21 of 2nd period - Off-side.
5:22 of 2nd period - Dan Fritsche wins face-off versus Ryan Vesce in neutral zone.
5:37 of 2nd period - Wrist shot by Ethan Moreau.
5:37 of 2nd period - Shot Misses the Net.
5:39 of 2nd period - Slapshot by Bruno Gervais.
5:39 of 2nd period - Shot Blocked by Tim Gleason.
5:47 of 2nd period - Backhand shot by Milan Bartovic.
5:47 of 2nd period - Stopped by Brent Krahn without a rebound.
5:48 of 2nd period - Rich Peverley wins face-off versus Ryan Carter in Influenza zone.
6:22 of 2nd period - Snap shot by Martins Karsums.
6:22 of 2nd period - Shot Misses the Net.
6:34 of 2nd period - Dan Fritsche is hit by Cody McCormick and loses puck.
6:59 of 2nd period - Slapshot by Ryan Vesce.
6:59 of 2nd period - Stopped by Julien Ellis with a rebound.
7:01 of 2nd period - Wrist shot by Cody McCormick.
7:01 of 2nd period - Shot Blocked by Alexander Perezhogin.
7:03 of 2nd period - Wrist shot by Ryan Russell.
7:03 of 2nd period - Deflect By Cody McCormick.
7:03 of 2nd period - Goal by Cody McCormick - Wolves : 1 - Influenza : 1.
7:04 of 2nd period - Rich Peverley wins face-off versus Ryan Carter in neutral zone.
7:19 of 2nd period - Slapshot by Justin Abdelkader.
7:19 of 2nd period - Shot Misses the Net.
7:33 of 2nd period - Minor Penalty to Mike Zigomanis for Tripping.
7:34 of 2nd period - Ethan Moreau wins face-off versus Rob Schremp in Wolves zone.
7:34 of 2nd period - Ethan Moreau is hit by Justin Abdelkader.
7:40 of 2nd period - Slapshot by Bruno Gervais.
7:40 of 2nd period - Stopped by Brent Krahn with a rebound.
7:50 of 2nd period - Wrist shot by Bruno Gervais.
7:50 of 2nd period - Stopped by Brent Krahn without a rebound.
7:51 of 2nd period - Ethan Moreau wins face-off versus Blake Comeau in Influenza zone.
7:56 of 2nd period - Wrist shot by Chris Neil.
7:56 of 2nd period - Stopped by Brent Krahn without a rebound.
7:57 of 2nd period - Rob Schremp wins face-off versus Ethan Moreau in Influenza zone.
8:04 of 2nd period - Snap shot by Blake Comeau.
8:04 of 2nd period - Stopped by Julien Ellis without a rebound.
8:05 of 2nd period - Rob Schremp wins face-off versus Ethan Moreau in Wolves zone.
8:34 of 2nd period - Snap shot by Martins Karsums.
8:34 of 2nd period - Stopped by Julien Ellis without a rebound.
8:35 of 2nd period - Ethan Moreau wins face-off versus Ryan Carter in Wolves zone.
8:46 of 2nd period - Slapshot by Jamie McBain.
8:46 of 2nd period - Stopped by Julien Ellis with a rebound.
8:48 of 2nd period - Snap shot by Robbie Earl.
8:48 of 2nd period - Stopped by Julien Ellis with a rebound.
8:50 of 2nd period - Slapshot by Ryan Carter.
8:50 of 2nd period - Shot Misses the Net.
9:22 of 2nd period - Cody McLeod is hit by Robbie Earl and loses puck.
9:33 of 2nd period - Penalty to Mike Zigomanis is over, Mike Zigomanis is back on ice.
10:12 of 2nd period - Jonas Junland is hit by Robbie Earl and loses puck.
10:42 of 2nd period - Backhand shot by Ethan Moreau.
10:42 of 2nd period - Shot Blocked by Ryan Vesce.
10:46 of 2nd period - Snap shot by Milan Bartovic.
10:46 of 2nd period - Stopped by Brent Krahn without a rebound.
10:47 of 2nd period - Rob Schremp wins face-off versus Mike Zigomanis in Influenza zone.
11:00 of 2nd period - Slapshot by Jaime Sifers.
11:00 of 2nd period - Deflect By Rob Schremp.
11:00 of 2nd period - Shot Misses the Net.
11:00 of 2nd period - Puck is out of play.
11:01 of 2nd period - Rich Peverley wins face-off versus Ryan Carter in Wolves zone.
11:06 of 2nd period - Wrist shot by Rich Peverley.
11:06 of 2nd period - Stopped by Brent Krahn without a rebound.
11:07 of 2nd period - Rich Peverley wins face-off versus Ryan Carter in Influenza zone.
11:12 of 2nd period - Slapshot by Vyacheslav Kozlov.
11:12 of 2nd period - Stopped by Brent Krahn without a rebound.
11:13 of 2nd period - Rich Peverley wins face-off versus Justin Abdelkader in Influenza zone.
11:14 of 2nd period - Wrist shot by Vyacheslav Kozlov.
11:14 of 2nd period - Shot Misses the Net.
11:45 of 2nd period - Wrist shot by Chris Neil.
11:45 of 2nd period - Stopped by Brent Krahn without a rebound.
11:46 of 2nd period - Ryan Carter wins face-off versus Mike Zigomanis in Influenza zone.
11:51 of 2nd period - Slapshot by Jaime Sifers.
11:51 of 2nd period - Shot Hit the Post.
12:11 of 2nd period - Marc Methot is hit by Rob Schremp and loses puck.
12:22 of 2nd period - Snap shot by Rob Schremp.
12:22 of 2nd period - Shot Misses the Net.
12:47 of 2nd period - Milan Bartovic is hit by Colton Orr and loses puck.
13:07 of 2nd period - Snap shot by Geoff Sanderson.
13:07 of 2nd period - Shot Misses the Net.
13:09 of 2nd period - Slapshot by Marc Methot.
13:09 of 2nd period - Shot Misses the Net.
13:19 of 2nd period - Jason King is hit by Ryan Carter and loses puck.
13:39 of 2nd period - Minor Penalty to Bruno Gervais for Tripping.
13:40 of 2nd period - Ethan Moreau wins face-off versus Rob Schremp in Wolves zone.
15:39 of 2nd period - Penalty to Bruno Gervais is over, Bruno Gervais is back on ice.
16:05 of 2nd period - Wrist shot by Rich Peverley.
16:05 of 2nd period - Stopped by Brent Krahn without a rebound.
16:06 of 2nd period - Rich Peverley wins face-off versus Juraj Mikus in Influenza zone.
16:06 of 2nd period - Minor Penalty to Rich Peverley for Interference.
16:07 of 2nd period - Rob Schremp wins face-off versus Ethan Moreau in Wolves zone.
16:10 of 2nd period - Snap shot by Blake Comeau.
16:10 of 2nd period - Shot Blocked by Ethan Moreau.
16:12 of 2nd period - Slapshot by Tim Gleason.
16:12 of 2nd period - Stopped by Julien Ellis without a rebound.
16:13 of 2nd period - Rob Schremp wins face-off versus Ethan Moreau in Wolves zone.
16:14 of 2nd period - Slapshot by Justin Abdelkader.
16:14 of 2nd period - Goal by Justin Abdelkader - Wolves : 1 - Influenza : 2.
16:15 of 2nd period - Ryan Carter wins face-off versus Rich Peverley in neutral zone.
16:15 of 2nd period - Blake Comeau is hit by Vyacheslav Kozlov and loses puck.
16:30 of 2nd period - Backhand shot by Rich Peverley.
16:30 of 2nd period - Stopped by Brent Krahn without a rebound.
16:31 of 2nd period - Rob Schremp wins face-off versus Mike Zigomanis in Influenza zone.
16:36 of 2nd period - Geoff Sanderson is hit by Rob Schremp and loses puck.
16:41 of 2nd period - Snap shot by Rob Schremp.
16:41 of 2nd period - Shot Misses the Net.
16:43 of 2nd period - Slapshot by Robbie Earl.
16:43 of 2nd period - Shot Blocked by Geoff Sanderson.
16:45 of 2nd period - Slapshot by Lasse Kukkonen.
16:45 of 2nd period - Shot Misses the Net.
16:47 of 2nd period - Slapshot by Robbie Earl.
16:47 of 2nd period - Shot Misses the Net.
17:40 of 2nd period - Icing by Mike Zigomanis.
17:41 of 2nd period - Ryan Carter wins face-off versus Rich Peverley in Wolves zone.
17:44 of 2nd period - Wrist shot by Blake Comeau.
17:44 of 2nd period - Shot Blocked by Bruno Gervais.
18:41 of 2nd period - Snap shot by Colton Orr.
18:41 of 2nd period - Shot Misses the Net.
18:43 of 2nd period - Snap shot by Jamie McBain.
18:43 of 2nd period - Stopped by Julien Ellis with a rebound.
18:59 of 2nd period - Snap shot by Ryan Vesce.
18:59 of 2nd period - Shot Misses the Net.
19:00 of 2nd period - Minor Penalty to Dan Fritsche for Slashing.
19:01 of 2nd period - Cody McLeod wins face-off versus Rob Schremp in Wolves zone.
19:06 of 2nd period - Wrist shot by Cody McLeod.
19:06 of 2nd period - Shot Misses the Net.
19:30 of 2nd period - Robbie Earl is hit by Chris Neil.

3rd period


0:01 of 3rd period - Ethan Moreau wins face-off versus Rob Schremp in neutral zone.
0:11 of 3rd period - Wrist shot by Rob Schremp.
0:11 of 3rd period - Shot Misses the Net.
0:13 of 3rd period - Wrist shot by Blake Comeau.
0:13 of 3rd period - Stopped by Julien Ellis with a rebound.
0:15 of 3rd period - Slapshot by Lasse Kukkonen.
0:15 of 3rd period - Shot Misses the Net.
1:00 of 3rd period - Penalty to Dan Fritsche is over, Dan Fritsche is back on ice.
1:17 of 3rd period - Snap shot by Rich Peverley.
1:17 of 3rd period - Stopped by Brent Krahn without a rebound.
1:18 of 3rd period - Rob Schremp wins face-off versus Rich Peverley in Influenza zone.
1:35 of 3rd period - Icing by Rich Peverley.
1:36 of 3rd period - Alexander Perezhogin wins face-off versus Ryan Carter in Wolves zone.
2:21 of 3rd period - Wrist shot by Jason King.
2:21 of 3rd period - Stopped by Brent Krahn without a rebound.
2:22 of 3rd period - Cody McCormick wins face-off versus Petr Kalus in Influenza zone.
2:29 of 3rd period - Snap shot by Cody McLeod.
2:29 of 3rd period - Stopped by Brent Krahn with a rebound.
2:47 of 3rd period - Jaime Sifers is hit by Vyacheslav Kozlov and loses puck.
2:52 of 3rd period - Wrist shot by Vyacheslav Kozlov.
2:52 of 3rd period - Stopped by Brent Krahn without a rebound.
2:53 of 3rd period - Ryan Carter wins face-off versus Rich Peverley in Influenza zone.
3:00 of 3rd period - Wrist shot by Blake Comeau.
3:00 of 3rd period - Shot Blocked by Alexander Perezhogin.
3:20 of 3rd period - Wrist shot by Chris Neil.
3:20 of 3rd period - Deflect By Mike Zigomanis.
3:20 of 3rd period - Stopped by Brent Krahn with a rebound.
3:26 of 3rd period - Wrist shot by Mike Zigomanis.
3:26 of 3rd period - Deflect By Chris Neil.
3:26 of 3rd period - Stopped by Brent Krahn with a rebound.
3:28 of 3rd period - Snap shot by Mike Zigomanis.
3:28 of 3rd period - Shot Blocked by Tim Gleason.
3:40 of 3rd period - Wrist shot by Ryan Russell.
3:40 of 3rd period - Shot Misses the Net.
3:42 of 3rd period - Slapshot by Lasse Kukkonen.
3:42 of 3rd period - Stopped by Julien Ellis without a rebound.
3:43 of 3rd period - Cody McCormick wins face-off versus Rich Peverley in Wolves zone.
3:51 of 3rd period - Minor Penalty to Ryan Russell for Interference.
3:52 of 3rd period - Vyacheslav Kozlov wins face-off versus Rob Schremp in Influenza zone.
4:21 of 3rd period - Slapshot by Mike Zigomanis.
4:21 of 3rd period - Stopped by Brent Krahn without a rebound.
4:22 of 3rd period - Mike Zigomanis wins face-off versus Rob Schremp in Influenza zone.
4:25 of 3rd period - Slapshot by Mike Zigomanis.
4:25 of 3rd period - Stopped by Brent Krahn with a rebound.
4:27 of 3rd period - Snap shot by Chris Neil.
4:27 of 3rd period - Shot Blocked by Jaime Sifers.
4:29 of 3rd period - Slapshot by Matt Gilroy.
4:29 of 3rd period - Shot Misses the Net.
4:31 of 3rd period - Wrist shot by Chris Neil.
4:31 of 3rd period - Goal by Chris Neil - Wolves : 2 - Influenza : 2.
4:32 of 3rd period - Ryan Carter wins face-off versus Rich Peverley in neutral zone.
4:45 of 3rd period - Snap shot by Ryan Carter.
4:45 of 3rd period - Shot Misses the Net.
4:47 of 3rd period - Wrist shot by Justin Abdelkader.
4:47 of 3rd period - Stopped by Julien Ellis with a rebound.
5:31 of 3rd period - Dan Fritsche is hit by Alexander Sulzer and loses puck.
5:53 of 3rd period - Jonas Junland is hit by Justin Abdelkader and loses puck.
6:03 of 3rd period - Off-side.
6:04 of 3rd period - Juraj Mikus wins face-off versus Rich Peverley in neutral zone.
6:07 of 3rd period - Slapshot by Lasse Kukkonen.
6:07 of 3rd period - Deflect By Colton Orr.
6:07 of 3rd period - Shot Blocked by Rich Peverley.
6:07 of 3rd period - Puck is out of play.
6:08 of 3rd period - Juraj Mikus wins face-off versus Rich Peverley in Wolves zone.
6:33 of 3rd period - Wrist shot by Vyacheslav Kozlov.
6:33 of 3rd period - Shot Blocked by Tim Gleason.
6:39 of 3rd period - Snap shot by Rich Peverley.
6:39 of 3rd period - Stopped by Brent Krahn without a rebound.
6:40 of 3rd period - Mike Zigomanis wins face-off versus Ryan Carter in Influenza zone.
6:45 of 3rd period - Snap shot by Geoff Sanderson.
6:45 of 3rd period - Shot Blocked by Jaime Sifers.
7:07 of 3rd period - Dan Fritsche is hit by Rob Schremp and loses puck.
7:09 of 3rd period - Minor Penalty to Milan Bartovic for Tripping.
7:10 of 3rd period - Rob Schremp wins face-off versus Ethan Moreau in Wolves zone.
7:25 of 3rd period - Snap shot by Justin Abdelkader.
7:25 of 3rd period - Shot Misses the Net.
8:25 of 3rd period - Chris Neil is hit by Ryan Carter and loses puck.
8:39 of 3rd period - Icing by Jaime Sifers.
8:40 of 3rd period - Mike Zigomanis wins face-off versus Rob Schremp in Influenza zone.
9:09 of 3rd period - Penalty to Milan Bartovic is over, Milan Bartovic is back on ice.
9:17 of 3rd period - Wrist shot by Mike Zigomanis.
9:17 of 3rd period - Shot Blocked by Jaime Sifers.
9:19 of 3rd period - Snap shot by Mike Zigomanis.
9:19 of 3rd period - Stopped by Brent Krahn with a rebound.
9:41 of 3rd period - Slapshot by Jamie McBain.
9:41 of 3rd period - Shot Blocked by Vyacheslav Kozlov.
10:19 of 3rd period - Ryan Vesce is hit by Willie Mitchell and loses puck.
10:28 of 3rd period - Jason King is hit by Ryan Russell and loses puck.
10:48 of 3rd period - Minor Penalty to Tim Gleason for Charging.
10:49 of 3rd period - Rob Schremp wins face-off versus Rich Peverley in Influenza zone.
10:49 of 3rd period - Rob Schremp is hit by Alexander Perezhogin.
10:59 of 3rd period - Rob Schremp is hit by Vyacheslav Kozlov and loses puck.
11:20 of 3rd period - Ryan Carter is hit by Willie Mitchell and loses puck.
12:48 of 3rd period - Penalty to Tim Gleason is over, Tim Gleason is back on ice.
12:54 of 3rd period - Slapshot by Rob Schremp.
12:54 of 3rd period - Stopped by Julien Ellis with a rebound.
14:06 of 3rd period - Milan Bartovic is hit by Colton Orr and loses puck.
14:37 of 3rd period - Slapshot by Jaime Sifers.
14:37 of 3rd period - Shot Misses the Net.
15:12 of 3rd period - Tim Gleason is hit by Geoff Sanderson and loses puck.
15:42 of 3rd period - Matt Gilroy is hit by Brian Salcido and loses puck.
15:53 of 3rd period - Cody McLeod is hit by Brian Salcido and loses puck.
16:15 of 3rd period - Blake Comeau is hit by Milan Bartovic and loses puck.
16:36 of 3rd period - Icing by Lasse Kukkonen.
16:37 of 3rd period - Rob Schremp wins face-off versus Rich Peverley in Influenza zone.
17:24 of 3rd period - Snap shot by Ryan Vesce.
17:24 of 3rd period - Shot Misses the Net.
17:38 of 3rd period - Snap shot by Cody McCormick.
17:38 of 3rd period - Stopped by Julien Ellis with a rebound.
17:40 of 3rd period - Wrist shot by Ryan Russell.
17:40 of 3rd period - Shot Misses the Net.
17:42 of 3rd period - Slapshot by Ryan Vesce.
17:42 of 3rd period - Shot Misses the Net.
17:44 of 3rd period - Snap shot by Ryan Vesce.
17:44 of 3rd period - Stopped by Julien Ellis with a rebound.
17:54 of 3rd period - Slapshot by Jamie McBain.
17:54 of 3rd period - Deflect By Rich Peverley.
17:54 of 3rd period - Stopped by Julien Ellis with a rebound.
18:07 of 3rd period - Backhand shot by Vyacheslav Kozlov.
18:07 of 3rd period - Stopped by Brent Krahn with a rebound.
18:09 of 3rd period - Slapshot by Marc Methot.
18:09 of 3rd period - Stopped by Brent Krahn without a rebound.
18:10 of 3rd period - Ryan Carter wins face-off versus Dan Fritsche in Influenza zone.
18:10 of 3rd period - Ryan Carter is hit by Ethan Moreau.
18:20 of 3rd period - Slapshot by Justin Abdelkader.
18:20 of 3rd period - Stopped by Julien Ellis without a rebound.
18:21 of 3rd period - Ryan Carter wins face-off versus Dan Fritsche in Wolves zone.
18:46 of 3rd period - Bruno Gervais is hit by Tim Gleason and loses puck.
18:54 of 3rd period - Minor Penalty to Dan Fritsche for High sticking.
18:55 of 3rd period - Ethan Moreau wins face-off versus Rob Schremp in Wolves zone.
19:00 of 3rd period - Tim Gleason is hit by Willie Mitchell and loses puck.
19:50 of 3rd period - Minor Penalty to Robbie Earl for Interference.
19:51 of 3rd period - Rob Schremp wins face-off versus Rich Peverley in Influenza zone.

Overtime #1


0:01 of 1st overtime period - Rich Peverley wins face-off versus Rob Schremp in neutral zone.
0:04 of 1st overtime period - Slapshot by Willie Mitchell.
0:04 of 1st overtime period - Shot Blocked by Lasse Kukkonen.
0:15 of 1st overtime period - Rich Peverley is hit by Lasse Kukkonen and loses puck.
0:40 of 1st overtime period - Slapshot by Ryan Vesce.
0:40 of 1st overtime period - Stopped by Julien Ellis without a rebound.
0:41 of 1st overtime period - Martins Karsums wins face-off versus Alexander Perezhogin in Wolves zone.
0:54 of 1st overtime period - Penalty to Dan Fritsche is over, Dan Fritsche is back on ice.
1:10 of 1st overtime period - Off-side.
1:11 of 1st overtime period - Rich Peverley wins face-off versus Rob Schremp in neutral zone.
1:16 of 1st overtime period - Snap shot by Rich Peverley.
1:16 of 1st overtime period - Stopped by Brent Krahn with a rebound.
1:18 of 1st overtime period - Wrist shot by Vyacheslav Kozlov.
1:18 of 1st overtime period - Stopped by Brent Krahn with a rebound.
1:20 of 1st overtime period - Slapshot by Bruno Gervais.
1:20 of 1st overtime period - Stopped by Brent Krahn without a rebound.
1:21 of 1st overtime period - Rich Peverley wins face-off versus Rob Schremp in Influenza zone.
1:50 of 1st overtime period - Penalty to Robbie Earl is over, Robbie Earl is back on ice.
2:10 of 1st overtime period - Snap shot by Robbie Earl.
2:10 of 1st overtime period - Shot Blocked by Rich Peverley.
2:26 of 1st overtime period - Snap shot by Vyacheslav Kozlov.
2:26 of 1st overtime period - Shot Blocked by Tim Gleason.
2:28 of 1st overtime period - Slapshot by Bruno Gervais.
2:28 of 1st overtime period - Shot Misses the Net.
2:30 of 1st overtime period - Wrist shot by Vyacheslav Kozlov.
2:30 of 1st overtime period - Goal by Vyacheslav Kozlov - Wolves : 3 - Influenza : 2.


Output by the SimonT Hockey Simulator (STHS) for François Prévost -- Original Page W3C XHTML 1.0 Valid
Hockey Simulator - Hockey Simulation - Hockey Manager